| TOP OF THE 1ST |
|
Billings Mustangs batting - Pitching for Bristol Pirates : RHP Jeff Crescimanno
|
|
Pitching: RHP Jeff Crescimanno
|
|
|
Batting: RHB Cyd Carver
|
0-0: Called Strike 0-1: Ball 1-1: Foul Ball, location: 2F 1-2: Foul Ball, location: 2F 1-2: Foul Ball, location: 2F 1-2: Foul Ball, location: 2F 1-2: Foul Ball, location: 2F 1-2: Foul Ball, location: 2F 1-2: TRIPLE (Flyball, 78XD, EV 94.4 MPH)
|
|
Batting: RHB Nick Miller
|
0-0: Ball 1-0: Called Strike 1-1: Foul Ball, location: 2F 1-2: Fly out, F8 (Flyball, 8LS, EV 85.0 MPH)
|
|
Batting: LHB David Moore
|
0-0: Called Strike 0-1: Ball 1-1: Ball 2-1: Ball 3-1: Foul Ball, location: 2F 3-2: Strikes out swinging
|
|
Batting: LHB Jon Goddard
|
0-0: Called Strike 0-1: Called Strike 0-2: Ground out 6-3 (Groundball, 6, EV 101.9 MPH)
|
| Top of the 1st over - 0 runs, 1 hit, 0 errors, 1 left on base; Billings 0 - Bristol 0 |
| BOTTOM OF THE 1ST |
|
Bristol Pirates batting - Pitching for Billings Mustangs : RHP Omar Vinson
|
|
Pitching: RHP Omar Vinson
|
|
|
Batting: RHB Perry Dominey
|
0-0: Ball 1-0: Ball 2-0: Called Strike 2-1: Ball 3-1: DOUBLE (Groundball, 5L, EV 100.0 MPH)
|
|
Batting: RHB Randy Bergman
|
0-0: Ball 1-0: Foul Ball, location: 2F 1-1: Ground out 5-3 (Groundball, 56, EV 86.9 MPH)
|
|
Batting: LHB Randy Boone
|
0-0: Swinging Strike 0-1: Foul Ball, location: 2F 0-2: Strikes out swinging
|
|
Batting: RHB Etsuro Hosokawa
|
0-0: Ball 1-0: Ball 2-0: Foul Ball, location: 2F 2-1: Ball 3-1: Base on Balls
|
|
Batting: LHB Tomohiro Yokoyama
|
0-0: Ball 1-0: Called Strike 1-1: Swinging Strike 1-2: Ball 2-2: Foul Ball, location: 2F 2-2: Foul Ball, location: 2F 2-2: Ball 3-2: DOUBLE (Line Drive, 78XD, EV 102.5 MPH) Perry Dominey scores Etsuro Hosokawa to third Etsuro Hosokawa scores
|
|
Batting: LHB Ruben Garza
|
0-0: Ball 1-0: Ball 2-0: Foul Ball, location: 2F 2-1: Ball 3-1: Base on Balls
|
|
Batting: RHB Andrew DeRicco
|
0-0: Ball 1-0: Foul Ball, location: 2F 1-1: Ball 2-1: Called Strike 2-2: Fly out, F2 (Popup, 5SF, EV 76.3 MPH)
|
| Bottom of the 1st over - 2 runs, 2 hits, 0 errors, 2 left on base; Billings 0 - Bristol 2 |
| TOP OF THE 2ND |
|
Billings Mustangs batting - Pitching for Bristol Pirates : RHP Jeff Crescimanno
|
|
Batting: RHB Hector Maldonado
|
0-0: Called Strike 0-1: Ground out U3 (Groundball, 34, EV 80.0 MPH)
|
|
Batting: RHB Jay Jacobson
|
0-0: Ball 1-0: Ball 2-0: Swinging Strike 2-1: Fly out, F8 (Flyball, 8RD, EV 101.9 MPH)
|
|
Batting: RHB Jon Monteith
|
0-0: Ball 1-0: Called Strike 1-1: Foul Ball, location: 2F 1-2: Ground out 4-3 (Groundball, 4, EV 91.3 MPH)
|
| Top of the 2nd over - 0 runs, 0 hits, 0 errors, 0 left on base; Billings 0 - Bristol 2 |
| BOTTOM OF THE 2ND |
|
Bristol Pirates batting - Pitching for Billings Mustangs : RHP Omar Vinson
|
|
Batting: RHB Gilberto Victoria
|
0-0: Ball 1-0: Ball 2-0: SINGLE (Line Drive, 6D, EV 103.1 MPH)
|
|
Batting: RHB Rob Colley
|
0-0: Fielders Choice at 2nd, 3-6 (Groundball, 34S, EV 83.1 MPH)
|
|
Batting: RHB Perry Dominey
|
0-0: Ball 1-0: Ball 2-0: Foul Ball, location: 2F 2-1: Foul Ball, location: 2F 2-2: Foul Ball, location: 2F 2-2: Ball 3-2: Foul Ball, location: 2F 3-2: Base on Balls Rob Colley to second
|
|
Batting: RHB Randy Bergman
|
0-0: Called Strike 0-1: Ball 1-1: Ball 2-1: SINGLE (Line Drive, 9S, EV 91.9 MPH) Rob Colley to third Perry Dominey to second
|
|
Batting: LHB Randy Boone
|
0-0: Ball 1-0: Called Strike 1-1: DOUBLE (Line Drive, 78D, EV 103.1 MPH) Rob Colley scores Perry Dominey scores Randy Bergman to third
|
|
Batting: RHB Etsuro Hosokawa
|
0-0: Ball 1-0: Ball 2-0: Ball 3-0: Base on Balls
|
|
Batting: LHB Tomohiro Yokoyama
|
0-0: Ball 1-0: Foul Ball, location: 2F 1-1: Foul Ball, location: 2F 1-2: Foul Ball, location: 2F 1-2: Ball 2-2: Ball 3-2: Grounds into double play, 4-6-3 (Groundball, 4, EV 108.1 MPH)
|
| Bottom of the 2nd over - 2 runs, 3 hits, 0 errors, 2 left on base; Billings 0 - Bristol 4 |
| TOP OF THE 3RD |
|
Billings Mustangs batting - Pitching for Bristol Pirates : RHP Jeff Crescimanno
|
|
Batting: RHB Yutaka Sato
|
0-0: Called Strike 0-1: Swinging Strike 0-2: Ball 1-2: Strikes out swinging
|
|
Batting: RHB Jonathan Robies
|
0-0: Fly out, F6 (Popup, 6MD, EV 57.5 MPH)
|
|
Batting: RHB Cyd Carver
|
0-0: Ground out 5-3 (Groundball, 56, EV 79.4 MPH)
|
| Top of the 3rd over - 0 runs, 0 hits, 0 errors, 0 left on base; Billings 0 - Bristol 4 |
| BOTTOM OF THE 3RD |
|
Bristol Pirates batting - Pitching for Billings Mustangs : RHP Omar Vinson
|
|
Batting: LHB Ruben Garza
|
0-0: Ground out 6-3 (Groundball, 4M, EV 81.9 MPH)
|
|
Batting: RHB Andrew DeRicco
|
0-0: Foul Ball, location: 2F 0-1: Foul Ball, location: 2F 0-2: Ball 1-2: Strikes out swinging
|
|
Batting: RHB Gilberto Victoria
|
0-0: Ball 1-0: Ball 2-0: SINGLE (Groundball, 6MD, EV 107.5 MPH)
|
|
Batting: RHB Rob Colley
|
0-0: Called Strike 0-1: Ground out 4-3 (Groundball, 34D, EV 106.9 MPH)
|
| Bottom of the 3rd over - 0 runs, 1 hit, 0 errors, 1 left on base; Billings 0 - Bristol 4 |
| TOP OF THE 4TH |
|
Billings Mustangs batting - Pitching for Bristol Pirates : RHP Jeff Crescimanno
|
|
Batting: RHB Nick Miller
|
0-0: Ball 1-0: Called Strike 1-1: Ball 2-1: Foul Ball, location: 2F 2-2: Ball 3-2: SOLO HOME RUN (Flyball, 7LD, EV 93.1 MPH), Distance : 346 ft
|
|
Batting: LHB David Moore
|
0-0: Foul Ball, location: 2F 0-1: Ground out 1-3 (Groundball, 15S, EV 61.9 MPH)
|
|
Batting: LHB Jon Goddard
|
0-0: Ball 1-0: Ball 2-0: Ball 3-0: Base on Balls
|
|
Batting: RHB Hector Maldonado
|
0-0: Foul Ball, location: 2F 0-1: Ball 1-1: Foul Ball, location: 2F 1-2: Ball 2-2: Foul Ball, location: 2F 2-2: Foul Ball, location: 2F 2-2: SINGLE (Groundball, 6MD, EV 96.9 MPH) Jon Goddard to second
|
|
Batting: RHB Jay Jacobson
|
0-0: Ball 1-0: Fielders Choice at 2nd, 5-4 (Groundball, 56, EV 91.9 MPH) Jon Goddard to third
|
|
Batting: RHB Jon Monteith
|
0-0: Called Strike 0-1: Foul Ball, location: 2F 0-2: Foul Ball, location: 2F 0-2: SINGLE (Groundball, 6MD, EV 100.0 MPH) Jon Goddard scores Jay Jacobson to second
|
|
Batting: RHB Yutaka Sato
|
0-0: Ball 1-0: Called Strike 1-1: Fielders Choice at 2nd, 5-4 (Groundball, 5, EV 85.0 MPH)
|
| Top of the 4th over - 2 runs, 3 hits, 0 errors, 2 left on base; Billings 2 - Bristol 4 |
| BOTTOM OF THE 4TH |
|
Bristol Pirates batting - Pitching for Billings Mustangs : RHP Omar Vinson
|
|
Batting: RHB Perry Dominey
|
0-0: Ball 1-0: Called Strike 1-1: Foul Ball, location: 2F 1-2: Ball 2-2: Strikes out looking
|
|
Batting: RHB Randy Bergman
|
0-0: SOLO HOME RUN (Flyball, 7D, EV 98.8 MPH), Distance : 382 ft
|
|
Batting: LHB Randy Boone
|
0-0: Ball 1-0: Called Strike 1-1: SINGLE (Groundball, 5D, EV 104.4 MPH)
|
|
Batting: RHB Etsuro Hosokawa
|
0-0: SINGLE (Groundball, 56, EV 101.9 MPH) Randy Boone to second
|
|
Batting: LHB Tomohiro Yokoyama
|
0-0: Called Strike 0-1: Foul Ball, location: 2F 0-2: Ball 1-2: Hit by Pitch Randy Boone to third Etsuro Hosokawa to second
|
|
Batting: LHB Ruben Garza
|
0-0: Called Strike 0-1: Foul Ball, location: 2F 0-2: Ball 1-2: Foul Ball, location: 2F 1-2: Ball 2-2: Foul Ball, location: 2F 2-2: Ball 3-2: Hit by Pitch Randy Boone scores Etsuro Hosokawa to third Tomohiro Yokoyama to second
|
|
Pitching: RHP Vladislav Prochazka
|
|
|
Batting: RHB Andrew DeRicco
|
0-0: Called Strike 0-1: Foul Ball, location: 2F 0-2: Strikes out swinging
|
|
Batting: RHB Gilberto Victoria
|
0-0: Called Strike 0-1: Ball 1-1: Called Strike 1-2: Ball 2-2: Foul Ball, location: 2F 2-2: Foul Ball, location: 2F 2-2: Ball 3-2: Foul Ball, location: 2F 3-2: Strikes out swinging
|
| Bottom of the 4th over - 2 runs, 3 hits, 0 errors, 3 left on base; Billings 2 - Bristol 6 |
| TOP OF THE 5TH |
|
Billings Mustangs batting - Pitching for Bristol Pirates : RHP Jeff Crescimanno
|
|
Batting: RHB Jonathan Robies
|
0-0: Ground out 6-3 (Groundball, 6, EV 84.4 MPH)
|
|
Batting: RHB Cyd Carver
|
0-0: Called Strike 0-1: Ball 1-1: Foul Ball, location: 2F 1-2: Fly out, F8 (Line Drive, 8LM, EV 92.5 MPH)
|
|
Batting: RHB Nick Miller
|
0-0: Ball 1-0: Ground out 3-1 (Groundball, 13, EV 85.0 MPH)
|
| Top of the 5th over - 0 runs, 0 hits, 0 errors, 0 left on base; Billings 2 - Bristol 6 |
| BOTTOM OF THE 5TH |
|
Bristol Pirates batting - Pitching for Billings Mustangs : RHP Vladislav Prochazka
|
|
Batting: RHB Rob Colley
|
0-0: Ball 1-0: Fly out, F8 (Flyball, 8LD, EV 93.8 MPH)
|
|
Batting: RHB Perry Dominey
|
0-0: Ball 1-0: Called Strike 1-1: Foul Ball, location: 2F 1-2: Ground out 6-3 (Groundball, 6M, EV 106.9 MPH)
|
|
Pitching: LHP Paul Fuller
|
|
|
Batting: RHB Randy Bergman
|
0-0: Called Strike 0-1: Ball 1-1: Fly out, F7 (Line Drive, 7, EV 98.8 MPH)
|
| Bottom of the 5th over - 0 runs, 0 hits, 0 errors, 0 left on base; Billings 2 - Bristol 6 |
| TOP OF THE 6TH |
|
Billings Mustangs batting - Pitching for Bristol Pirates : RHP Jeff Crescimanno
|
|
Batting: LHB David Moore
|
0-0: Ground out 6-3 (Groundball, 6D, EV 106.3 MPH)
|
|
Batting: LHB Jon Goddard
|
0-0: Ball 1-0: Swinging Strike 1-1: Called Strike 1-2: Fly out, F3 (Popup, 34, EV 57.5 MPH)
|
|
Batting: RHB Hector Maldonado
|
0-0: Foul Ball, location: 2F 0-1: Ball 1-1: Ball 2-1: Foul Ball, location: 2F 2-2: Foul Ball, location: 2F 2-2: Strikes out swinging
|
| Top of the 6th over - 0 runs, 0 hits, 0 errors, 0 left on base; Billings 2 - Bristol 6 |
| BOTTOM OF THE 6TH |
|
Bristol Pirates batting - Pitching for Billings Mustangs : LHP Paul Fuller
|
|
Batting: LHB Randy Boone
|
0-0: Ball 1-0: TRIPLE (Flyball, 78XD, EV 101.9 MPH)
|
|
Batting: RHB Etsuro Hosokawa
|
0-0: Ball 1-0: Ball 2-0: Called Strike 2-1: Ball 3-1: Fly out, F8 (Flyball, 8RD, EV 100.0 MPH) Runner from 3rd tags up, SCORES, throw by CF
|
|
Batting: LHB Tomohiro Yokoyama
|
0-0: Ball 1-0: Ball 2-0: Foul Ball, location: 2F 2-1: Foul Ball, location: 2F 2-2: Foul Ball, location: 2F 2-2: Ball 3-2: SINGLE (Line Drive, 7S, EV 105.0 MPH)
|
|
Batting: LHB Ruben Garza
|
0-0: Called Strike 0-1: Foul Ball, location: 2F 0-2: Strikes out swinging
|
|
Pitching: RHP Juan Hernandez
|
|
|
Batting: RHB Andrew DeRicco
|
0-0: Ball 1-0: Ball 2-0: Fly out, F7 (Flyball, 7, EV 88.1 MPH)
|
| Bottom of the 6th over - 1 run, 2 hits, 0 errors, 1 left on base; Billings 2 - Bristol 7 |
| TOP OF THE 7TH |
|
Billings Mustangs batting - Pitching for Bristol Pirates : RHP Jeff Crescimanno
|
|
Batting: RHB Jay Jacobson
|
0-0: Ball 1-0: Foul Ball, location: 2F 1-1: Called Strike 1-2: Foul Ball, location: 2F 1-2: Strikes out looking
|
|
Batting: RHB Jon Monteith
|
0-0: Ball 1-0: Swinging Strike 1-1: Ball 2-1: Swinging Strike 2-2: Strikes out swinging
|
|
Batting: RHB Yutaka Sato
|
0-0: Called Strike 0-1: Ball 1-1: Foul Ball, location: 2F 1-2: SINGLE (Line Drive, 5D, EV 109.4 MPH)
|
|
Batting: RHB Jonathan Robies
|
0-0: Foul Ball, location: 2F 0-1: Swinging Strike 0-2: SINGLE (Groundball, 25, EV 70.6 MPH) (infield hit) Yutaka Sato to second
|
|
Batting: RHB Cyd Carver
|
0-0: SINGLE (Groundball, 34D, EV 108.8 MPH) Yutaka Sato to third Jonathan Robies to second Runner from 3rd tries for Home, SAFE, throw by RF to home
|
|
Batting: RHB Nick Miller
|
0-0: Called Strike 0-1: Swinging Strike 0-2: Ball 1-2: Foul Ball, location: 2F 1-2: SINGLE (Flyball, 78S, EV 85.6 MPH) Jonathan Robies to third Cyd Carver to second Runner from 3rd tries for Home, throw by LF and OUT! 7-2
|
| Top of the 7th over - 1 run, 4 hits, 0 errors, 2 left on base; Billings 3 - Bristol 7 |
| BOTTOM OF THE 7TH |
|
Bristol Pirates batting - Pitching for Billings Mustangs : RHP Juan Hernandez
|
|
Batting: RHB Gilberto Victoria
|
0-0: Called Strike 0-1: Ball 1-1: SOLO HOME RUN (Flyball, 89XD, EV 101.9 MPH), Distance : 409 ft
|
|
Batting: RHB Rob Colley
|
0-0: Called Strike 0-1: Ball 1-1: Called Strike 1-2: Ball 2-2: Ball 3-2: DOUBLE (Groundball, 5L, EV 103.8 MPH)
|
|
Batting: RHB Perry Dominey
|
0-0: Called Strike 0-1: Foul Ball, location: 2F 0-2: Ball 1-2: Foul Ball, location: 2F 1-2: Ball 2-2: SINGLE (Line Drive, 7S, EV 86.3 MPH) Rob Colley to third
|
|
Pitching: RHP Tim Beck
|
|
|
Batting: RHB Randy Bergman
|
0-0: Called Strike Perry Dominey steals 2nd base 0-1: Foul Ball, location: 2F 0-2: Ball 1-2: Ball 2-2: DOUBLE (Line Drive, 5D, EV 96.9 MPH) Rob Colley scores Perry Dominey scores
|
|
Batting: LHB Randy Boone
|
0-0: Called Strike 0-1: Ball 1-1: Ball 2-1: Foul Ball, location: 2F 2-2: SINGLE (Groundball, 4MD, EV 95.0 MPH) Randy Bergman to third
|
|
Batting: RHB Etsuro Hosokawa
|
0-0: SINGLE (Groundball, 6D, EV 105.0 MPH) Randy Bergman scores Randy Boone to second
|
|
Batting: LHB Tomohiro Yokoyama
|
0-0: Ball 1-0: SINGLE (Groundball, 4D, EV 101.3 MPH) Randy Boone to third Etsuro Hosokawa to second
|
|
Batting: LHB Ruben Garza
|
0-0: Ball 1-0: Ball 2-0: Foul Ball, location: 2F 2-1: SINGLE (Line Drive, 8LS, EV 103.8 MPH) Randy Boone scores Etsuro Hosokawa to third Tomohiro Yokoyama to second
|
|
Batting: RHB Andrew DeRicco
|
0-0: Ball 1-0: Called Strike 1-1: Foul Ball, location: 2F 1-2: Ball 2-2: Foul Ball, location: 2F 2-2: DOUBLE (Line Drive, 5D, EV 98.8 MPH) Etsuro Hosokawa scores Tomohiro Yokoyama scores Ruben Garza to third
|
|
Pitching: RHP Mark Ortner
|
|
|
Batting: RHB Gilberto Victoria
|
0-0: Ball 1-0: Ball 2-0: Foul Ball, location: 2F 2-1: Ball 3-1: Base on Balls
|
|
Batting: RHB Rob Colley
|
0-0: Ball 1-0: Swinging Strike 1-1: Called Strike 1-2: Ball 2-2: Ball 3-2: Fly out, F9 (Flyball, 89D, EV 72.5 MPH)
|
|
Batting: RHB Perry Dominey
|
0-0: Swinging Strike 0-1: Ball 1-1: Ball 2-1: Foul Ball, location: 2F 2-2: Foul Ball, location: 2F 2-2: Strikes out swinging
|
|
Batting: RHB Randy Bergman
|
0-0: Fielders Choice at 2nd, 6-4 (Groundball, 6, EV 101.9 MPH)
|
| Bottom of the 7th over - 7 runs, 9 hits, 0 errors, 3 left on base; Billings 3 - Bristol 14 |
| TOP OF THE 8TH |
|
Billings Mustangs batting - Pitching for Bristol Pirates : RHP Jeff Crescimanno
|
|
Batting: LHB David Moore
|
0-0: Ball 1-0: Ball 2-0: Foul Ball, location: 2F 2-1: SOLO HOME RUN (Flyball, 8LXD, EV 113.1 MPH), Distance : 432 ft
|
|
Batting: LHB Jon Goddard
|
0-0: Ball 1-0: Foul Ball, location: 2F 1-1: Called Strike 1-2: Foul Ball, location: 2F 1-2: Ball 2-2: Foul Ball, location: 2F 2-2: Fly out, F9 (Line Drive, 9, EV 102.5 MPH)
|
|
Pitching: LHP Phil DeCamp
|
|
|
Batting: RHB Hector Maldonado
|
0-0: Swinging Strike 0-1: Foul Ball, location: 2F 0-2: Ball 1-2: Ball 2-2: Strikes out looking
|
|
Batting: RHB Jay Jacobson
|
0-0: Ball 1-0: Ball 2-0: Called Strike 2-1: Ball 3-1: Base on Balls
|
|
Batting: RHB Jon Monteith
|
0-0: Ball 1-0: Ball 2-0: Foul Ball, location: 2F 2-1: Called Strike 2-2: Foul Ball, location: 2F 2-2: Fielders Choice at 2nd, 5-4 (Groundball, 56, EV 81.9 MPH)
|
| Top of the 8th over - 1 run, 1 hit, 0 errors, 1 left on base; Billings 4 - Bristol 14 |
| BOTTOM OF THE 8TH |
|
Bristol Pirates batting - Pitching for Billings Mustangs : RHP Mark Ortner
|
|
Batting: LHB Randy Boone
|
0-0: Foul Ball, location: 2F 0-1: Ground out 1-3 (Groundball, 13S, EV 62.5 MPH)
|
|
Batting: RHB Etsuro Hosokawa
|
0-0: Ball 1-0: Called Strike 1-1: Fly out, F7 (Flyball, 78M, EV 85.0 MPH)
|
|
Batting: LHB Tomohiro Yokoyama
|
0-0: Ball 1-0: Ball 2-0: Foul Ball, location: 2F 2-1: Fly out, F7 (Line Drive, 7, EV 86.9 MPH)
|
| Bottom of the 8th over - 0 runs, 0 hits, 0 errors, 0 left on base; Billings 4 - Bristol 14 |
| TOP OF THE 9TH |
|
Billings Mustangs batting - Pitching for Bristol Pirates : LHP Phil DeCamp
|
|
Batting: RHB Yutaka Sato
|
0-0: Called Strike 0-1: Ball 1-1: SINGLE (Flyball, 3D, EV 95.0 MPH) - OUT at second base trying to stretch hit.
|
|
Pitching: LHP Norm Silveira-Wray
|
|
|
Batting: RHB Jonathan Robies
|
0-0: Ball 1-0: SINGLE (Line Drive, 8LS, EV 91.3 MPH)
|
|
Batting: RHB Cyd Carver
|
0-0: Foul Ball, location: 2F 0-1: Ball 1-1: Ground out U3 (Groundball, 34S, EV 70.0 MPH) Jonathan Robies to second
|
|
Pinch Hitting: LHB William Matthews
|
0-0: Ball 1-0: Called Strike 1-1: Swinging Strike 1-2: Foul Ball, location: 2F 1-2: Strikes out swinging, 2-3 out at first.
|
| Top of the 9th over - 0 runs, 2 hits, 0 errors, 1 left on base; Billings 4 - Bristol 14 |
|